 Dungeon Crawl Stone Soup version 0.23.2-1-ga50397a6bc (webtiles) character file.

Game seed: 11931943052681842874

1780 Mrkan the Grappler (level 8, 0/83 HPs)
             Began as a Troll Monk on May 19, 2019.
             Was a Believer of Yredelemnul.
             Slain by an ooze (3 damage)
             ... on level 6 of the Dungeon.
             The game lasted 00:07:34 (4928 turns).

Mrkan the Grappler (Troll Monk)                     Turns: 4928, Time: 00:07:35

Health: 0/83       AC: -6    Str: 22    XL:     8   Next: 81%
Magic:  9/9        EV: 10    Int:  6    God:    Yredelemnul [**....]
Gold:   384        SH:  0    Dex: 12    Spells: 7/7 levels left

rFire    . . .     SeeInvis .     - Unarmed
rCold    . . .     Gourm    +   (no shield)
rNeg     . . .     Faith    .   a - +0 robe
rPois    .         Spirit   .   (helmet restricted)
rElec    .         Reflect  .   (no cloak)
rCorr    .         Harm     .   (gloves unavailable)
MR       .....                  (boots unavailable)
Stlth    ++........             (no amulet)
HPRegen  0.63/turn              (no ring)
MPRegen  0.11/turn              (no ring)

@: corroded, flying
A: large, unfitting armour, claws 3, fast metabolism 3, gourmand, regeneration
1, shaggy fur 1, tough skin 3
a: Animate Remains, Recall Undead Slaves, Injury Mirror, Renounce Religion


You were on level 6 of the Dungeon.
You worshipped Yredelemnul.
Yredelemnul was pleased with you.
You were hungry.

You visited 2 branches of the dungeon, and saw 7 of its levels.

You collected 384 gold pieces.

Inventory:

Armour
 a - a +0 robe (worn)
Jewellery
 p - an uncursed amulet of faith
 r - an uncursed amulet of magic regeneration {unknown}
 w - an uncursed ring of magical power {unknown}
Wands
 m - a wand of disintegration (8)
Scrolls
 d - 3 scrolls of amnesia {unknown}
 f - 3 scrolls of teleportation {unknown}
 g - 3 scrolls of fog {unknown}
 i - a scroll of blinking {unknown}
 j - 3 scrolls of remove curse {unknown}
 k - 2 scrolls of random uselessness {unknown}
 s - a scroll of summoning {unknown}
 t - a scroll of identify {unknown}
Potions
 c - 2 potions of haste
 e - a potion of might {unknown}
 h - 2 potions of flight
 l - 2 potions of agility {unknown}
 n - 3 potions of curing {unknown}
 o - 2 potions of lignification {unknown}
 q - 2 potions of heal wounds {unknown}
 u - a potion of brilliance {unknown}
 v - a potion of magic {unknown}
 x - a potion of resistance {unknown}
Comestibles
 b - 13 rations


   Skills:
 + Level 5.7 Fighting
 - Level 2.4 Dodging
 - Level 1.0 Stealth
 * Level 9.3 Unarmed Combat
 + Level 3.3 Invocations


You had 7 spell levels left.
You didn't know any spells.
Your spell library contained the following spells:

 Spells                   Type           Power        Failure   Level  Hunger
 Freeze                   Ice            #...         45%         1    ##.....
 Throw Frost              Conj/Ice       #.....       58%         2    ###....
 Ozocubu's Armour         Chrm/Ice       #.......     83%         3    ####...
 Summon Ice Beast         Ice/Summ       #.......     99%         4    #####..
 Throw Icicle             Conj/Ice       #.......     99%         4    #####..


Dungeon Overview and Level Annotations

Branches:
Dungeon (6/15)             Temple (1/1) D:4

Altars:
Ashenzari
Elyvilon
Fedhas
Gozag
Hepliaklqana
Kikubaaqudgha
Makhleb
Nemelex Xobeh
Qazlal
Ru
Sif Muna
Trog
Uskayaw
Vehumet
Xom
Yredelemnul
Zin
The Shining One

Shops:
D:5 :


Innate Abilities, Weirdness & Mutations

You are too large for most types of armour.
You have claws for hands.
Your metabolism is lightning-fast.
You like to eat raw meat.
Your natural rate of healing is unusually fast.
You are covered in fur. (AC +1)
You have extremely tough skin. (AC +3)


Message History

The jelly is moderately wounded.
The ooze quivers.
The ooze hits you. The jelly closely misses you.
You scratch the jelly but do no damage. The acid corrodes you!
Your claws burn!
The jelly is moderately wounded.
The ooze hits you.
* * * LOW HITPOINT WARNING * * *
The jelly hits you.
* * * LOW HITPOINT WARNING * * *
The acid corrodes you!
You are splashed with acid!
* * * LOW HITPOINT WARNING * * *
The jelly hits you.
* * * LOW HITPOINT WARNING * * *
You are splashed with acid!
* * * LOW HITPOINT WARNING * * *
It was a potion of flight.
You feel very buoyant.
You fly up into the air.
The ooze hits you.
You die...
Your body rises from the dead as a mindless zombie.

#...#### #......# #.#.. #......+
####.### #.#.. #.###### #.#
#.... #.# #.#######.... #.#
#............ #(# ####.........
#.# #########......... #)#
##########.J.÷..##.........
#(####......##'@JPP..##.........
#..##.......#.#÷...÷.##.........
#..'..).....#.#÷..P.P#####.....(
#(.'..).....#.#.J....# #......
##.'......#'#)#..P..P# #......
#.##.....#.#)#......# #......
#####....#.#.#....P.# ######.
#######(##.....$# #. ### ####.


You could see a jelly and 2 oozes.

Vanquished Creatures
  A slime creature (D:6)
  Sigmund (D:3)
  A phantom (D:6)
  An ice beast (D:5)
  A necrophage (D:6)
  3 centaurs
  2 big kobolds (D:6)
  A howler monkey (D:5)
  An orc priest (D:4)
  A centaur zombie (D:5)
  A hound (D:6)
  4 jellies (D:6)
  An orc wizard (D:4)
  A centaur skeleton (D:3)
  A bullfrog skeleton (D:4)
  An iguana (D:4)
  Natasha (thrice) (D:4)
  A worker ant (D:4)
  Robin (D:4)
  11 adders
  6 gnolls (D:5)
  A shadow imp (D:6)
  4 oozes
  An adder zombie (D:5)
  3 worms
  2 dart slugs
  5 leopard geckos
  An orc (D:4)
  7 bats
  3 giant cockroaches
  24 goblins
  14 hobgoblins
  6 jackals
  17 kobolds
  2 quokkas
  9 frilled lizards
  A quokka skeleton (D:5)
  9 rats
153 creatures vanquished.

Vanquished Creatures (others)
  A fungus (D:6)
  6 toadstools (D:6)
7 creatures vanquished.

Grand Total: 160 creatures vanquished

Notes
Turn   | Place    | Note
-------+----------+-------------------------------------------
     0 | D:1      | Mrkan the Troll Monk began the quest for the Orb.
     0 | D:1      | Reached XP level 1. HP: 22/22 MP: 0/0
   102 | D:1      | Reached XP level 2. HP: 29/29 MP: 1/1
   570 | D:2      | Reached skill level 4 in Unarmed Combat
   570 | D:2      | Reached XP level 3. HP: 36/36 MP: 2/2
   761 | D:2      | Reached XP level 4. HP: 41/45 MP: 3/3
  1569 | D:3      | Reached skill level 5 in Unarmed Combat
  1569 | D:3      | Reached XP level 5. HP: 47/53 MP: 4/4
  2186 | D:3      | Noticed Sigmund
  2204 | D:3      | Killed Sigmund
  2204 | D:3      | Reached skill level 6 in Unarmed Combat
  2204 | D:3      | Reached XP level 6. HP: 57/62 MP: 5/5
  2858 | D:4      | Noticed Natasha
  2871 | D:4      | Killed Natasha
  2900 | D:4      | Noticed Natasha
  2907 | D:4      | Killed Natasha
  3018 | D:4      | Noticed Natasha
  3023 | D:4      | Reached XP level 7. HP: 69/70 MP: 6/6
  3029 | D:4      | Killed Natasha
  3035 | D:4      | Reached skill level 7 in Unarmed Combat
  3073 | D:4      | Noticed Robin
  3082 | D:4      | Killed Robin
  3476 | D:4      | Found a staircase to the Ecumenical Temple.
  3483 | Temple   | Entered the Ecumenical Temple
  3533 | Temple   | Became a worshipper of Yredelemnul the Dark
  3533 | Temple   | Reached * piety under Yredelemnul
  3533 | Temple   | Reached ** piety under Yredelemnul
  3593 | D:5      | Entered Level 5 of the Dungeon
  4064 | D:5      | Found Zeetz's Book Shoppe.
  4098 | D:5      | Reached skill level 1 in Invocations
  4371 | D:6      | Reached skill level 8 in Unarmed Combat
  4371 | D:6      | Reached XP level 8. HP: 68/79 MP: 6/8
  4377 | D:6      | Reached skill level 5 in Fighting
  4821 | D:6      | Noticed a slime creature
  4840 | D:6      | Killed a slime creature
  4840 | D:6      | Reached skill level 9 in Unarmed Combat
  4927 | D:6      | HP: 2/83 [acid (9)]
  4928 | D:6      | Slain by an ooze

Skill      XL: |  1  2  3  4  5  6  7  8 |
---------------+-------------------------+-----
Unarmed Combat | 4 5 6 8 9 |  9.3
Fighting       | 3 4 5 |  5.7
Invocations    | 1 3 |  3.3
Dodging        | |  2.4
Stealth        | |  1.0

Action                   |  1- 3 |  4- 6 |  7- 9 || total
-------------------------+-------+-------+-------++-------
Melee: Unarmed           |    88 |   171 |   184 ||   443
       Punch             |     1 |     3 |     1 ||     5
  Use: Potion            |       |       |     1 ||     1
 Stab: Sleeping          |     1 |     2 |     3 ||     6
  Eat: Chunk             |     5 |    14 |     9 ||    28
       Ration            |       |     2 |     2 ||     4
Armor: Robe              |    28 |    51 |    45 ||   124
Dodge: Dodged            |    43 |    70 |    81 ||   194
